Map: Orbital Shipyard

Players

PartinG - Winner!

  • Race: Protoss Protoss
  • League: Platinum

TYTY (TY)

  • Race: Terran Terran
  • League: Diamond

Event: DreamHack ROCCAT LotV Championship

VOD

https://www.youtube.com/watch?v=3qzSlRmTCDY&feature=youtu.be&t=1h03m50s

Description

Time

  • Played on: Nov. 28, 2015, 8:05 a.m.
  • Length: 14:59

All games in this series

Show
View Real Time Build Order
Export as new Build Order

PartinG Protoss - Winner!

Build Orders:  

Get SALT Encoding   

  13  0:12  Pylon  
  13  0:13  Probe (Chrono Boost)  
  13  0:24  Probe (Chrono Boost)  
  14  0:30  Gateway  
  14  0:36  Probe (Chrono Boost)  
  14  0:40  Assimilator  
  15  0:46  Probe (Chrono Boost)  
  15  0:49  Assimilator  
  16  0:57  Probe (Chrono Boost)  
  17  1:08  Probe (Chrono Boost)  
  18  1:18  Cybernetics Core, Probe (Chrono Boost)  
  19  1:26  Pylon  
  19  1:29  Probe (Chrono Boost)  
  20  1:39  Probe (Chrono Boost)  
  21  1:50  Probe (Chrono Boost)  
  22  1:54  Adept, Warp Gate (Chrono Boost)  
  22  2:00  Probe (Chrono Boost)  
  25  2:11  Mothership Core (Chrono Boost)  
  27  2:17  Nexus  
  27  2:24  Adept (Chrono Boost)  
  29  2:45  Robotics Facility  
  29  2:46  Gateway  
  29  3:01  Pylon  
  29  3:03  Pylon  
  29  3:05  Pylon  
  29  3:14  Pylon  
  29  3:21  Pylon  
  29  3:25  Probe  
  30  3:31  Gateway  
  30  3:37  Observer  
  31  3:48  Probe  
  29  3:52  Adept  
  31  3:57  Adept  
  31  4:01  Observer  
  34  4:09  Probe x2 (Chrono Boost)  
  36  4:21  Stalker  
  32  4:35  Probe x2 (Chrono Boost)  
  32  4:48  Probe x2 (Chrono Boost)  
  34  4:53  Stalker  
  36  5:00  Observer  
  36  5:02  Stalker  
  39  5:18  Stalker  
  39  5:19  Stalker  
  43  5:24  Probe (Chrono Boost)  
  43  5:26  Probe (Chrono Boost)  
  44  5:36  Adept  
  44  5:42  Probe x2 (Chrono Boost)  
  48  5:44  Adept  
  49  6:02  Probe x2 (Chrono Boost)  
  51  6:06  Adept x2  
  51  6:09  Observer  
  56  6:14  Adept  
  57  6:19  Probe x2 (Chrono Boost)  
  59  6:28  Adept x2  
  59  6:30  Probe (Chrono Boost)  
  62  6:34  Adept  
  62  6:38  Probe (Chrono Boost)  
  65  6:41  Probe (Chrono Boost)  
  66  6:51  Adept x2  
  66  6:52  Probe x2 (Chrono Boost)  
  68  6:58  Adept  
  68  7:03  Probe x2 (Chrono Boost), Pylon  
  68  7:12  Warp Prism  
  64  7:18  Probe x2 (Chrono Boost)  
  66  7:23  Robotics Bay  
  66  7:28  Assimilator  
  66  7:29  Assimilator  
  66  7:35  Pylon  
  66  7:38  Pylon  
  66  7:49  Pylon  
  64  7:58  Pylon  
  64  8:00  Pylon  
  64  8:06  Pylon  
  64  8:09  Stalker x3, Pylon  
  70  8:21  Disruptor (Chrono Boost)  
  70  8:26  Pylon  
  73  8:28  Probe, Pylon  
  73  8:31  Pylon  
  73  8:34  Stalker x2, Pylon  
  78  8:41  Stalker  
  80  8:46  Pylon  
  78  8:49  Pylon  
  78  8:53  Disruptor (Chrono Boost)  
  77  9:07  Pylon  
  75  9:17  Stalker x3  
  75  9:22  Pylon  
  75  9:24  Pylon x2  
  77  9:28  Disruptor (Chrono Boost)  
  75  9:44  Stalker  
  75  9:45  Stalker x2  
  78  10:00  Disruptor (Chrono Boost)  
  77  10:09  Pylon  
  77  10:10  Pylon  
  73  10:19  Stalker x2  
  79  10:39  Gateway  
  79  10:41  Gateway  
  79  10:45  Zealot x2  
  79  10:49  Zealot  
  73  11:05  Zealot  
  73  11:10  Probe  
  68  11:21  Probe  
  53  11:33  Cybernetics Core  
  53  11:35  Pylon  
  49  12:14  Stalker x3  
  53  12:19  Probe x2  
  53  12:21  Twilight Council  
  55  12:28  Adept  
  57  12:30  Probe  
  57  12:31  Probe, Assimilator  
  57  12:32  Assimilator  
  59  12:40  Mothership Core  
  59  12:43  Adept x3  
  66  12:59  Stalker  
  66  13:03  Stalker x3  
  74  13:07  Blink (Chrono Boost)  
  74  13:08  Dark Shrine  
  74  13:10  Pylon  
  60  13:44  Stalker  
  60  13:45  Stalker x3  
  57  14:21  Dark Templar x4  
Show
View Real Time Build Order
Export as new Build Order

TYTY Terran 

Build Orders: 1/1/1, Liberator Opening 

Get SALT Encoding   

  12  0:01  SCV  
  13  0:13  SCV  
  14  0:19  Supply Depot  
  14  0:25  SCV  
  14  0:28  Refinery  
  15  0:41  SCV  
  16  0:44  Barracks  
  16  0:53  SCV  
  17  1:05  SCV  
  18  1:17  SCV  
  19  1:31  Factory, Marine  
  19  1:32  Orbital Command  
  20  1:37  Supply Depot  
  20  1:49  Marine  
  21  2:00  SCV  
  22  2:07  Marine  
  23  2:12  SCV  
  23  2:14  Widow Mine  
  26  2:17  Starport  
  26  2:24  SCV, Marine  
  28  2:30  Refinery  
  28  2:33  Supply Depot  
  29  2:42  Marine  
  30  2:45  Widow Mine  
  30  2:52  SCV  
  31  2:58  Medivac  
  31  3:00  Marine  
  31  3:04  SCV  
  35  3:09  Supply Depot  
  35  3:10  Supply Depot  
  35  3:13  Widow Mine  
  35  3:15  Liberator  
  35  3:16  SCV  
  38  3:27  Marine  
  38  3:30  SCV  
  43  3:42  SCV, Widow Mine  
  47  3:57  Liberator  
  46  4:04  Supply Depot  
  46  4:05  Supply Depot  
  43  4:19  SCV  
  39  4:32  Barracks Reactor  
  39  4:34  Widow Mine  
  41  4:39  SCV  
  41  4:43  Liberator  
  40  4:51  SCV  
  41  4:58  Barracks  
  41  5:03  SCV  
  45  5:09  Marine x2  
  45  5:13  Factory Tech Lab  
  47  5:17  SCV  
  48  5:26  Marine x2  
  50  5:32  Siege Tank  
  53  5:36  Barracks  
  53  5:43  Medivac  
  53  5:44  Marine x2  
  53  5:46  Marine  
  55  6:02  Marine x2  
  55  6:04  Siege Tank, Marine  
  59  6:14  Supply Depot  
  59  6:18  Medivac  
  61  6:20  Marine x2  
  61  6:28  Marine  
  61  6:29  Marine  
  63  6:39  Marine x2  
  64  6:42  Siege Tank  
  66  6:49  Marine x2  
  64  6:57  Marine x2  
  64  7:04  Medivac  
  64  7:07  Marine  
  64  7:08  Marine  
  66  7:14  Supply Depot  
  66  7:16  Marine  
  67  7:25  Siege Tank  
  67  7:28  Marine  
  70  7:35  Marine  
  70  7:36  Marine  
  72  7:50  Marine x2  
  74  7:53  Marine  
  73  7:58  Siege Tank  
  73  7:59  Marine  
  75  8:07  Marine  
  75  8:10  Marine  
  75  8:11  Marine  
  78  8:16  Marine  
  78  8:25  Marine  
  78  8:33  Marine  
  79  8:36  Marine  
  79  8:43  Marine  
  79  8:46  Siege Tank  
  82  8:51  Marine x2  
  72  9:03  Marine  
  72  9:05  Marine  
  72  9:09  Marine  
  66  10:16  Orbital Command  
  65  10:49  Marine  
  62  11:01  Marine x2  
  62  11:02  Marine  
  63  11:11  Marine  
  51  11:19  Marine x2  
  51  11:20  Marine  
  54  11:28  Marine  
  52  11:36  Marine  
  52  11:37  Marine  
  52  11:38  Marine  
  55  11:44  Siege Tank  
  58  11:55  Marine x2  
  60  12:05  Orbital Command  
  43  12:19  Marine x2  
  43  12:20  Marine x2  
  45  12:37  Marine x2  
  47  12:45  SCV  
  47  12:52  Refinery  
  47  12:54  Marine x2  
  49  12:58  SCV  
  50  13:10  SCV  
  51  13:21  Marine x2  
  51  13:23  Marine x2  
  55  13:32  SCV  
  51  13:41  Factory Tech Lab  
  50  13:44  SCV  
  49  13:56  SCV, Refinery  
  49  14:00  Siege Tank, Marine x2  
  55  14:08  SCV  
  51  14:20  SCV  

Tags
 
Add a new tag
Caveats
  • Supply blocks, unpowered buildings, or Contaminate may cause inaccurate times.
  • Supply counts are checked every 10 seconds.